 Dungeon Crawl Stone Soup version 0.28.0 (webtiles) character file.

Game seed: 4972840505211144886

60 Sanktem7 the Skirmisher (level 3, -2/34 HPs)
             Began as a Minotaur Fighter on Feb 18, 2022.
             Slain by a gnoll (3 damage)
             ... on level 2 of the Dungeon.
             The game lasted 00:01:38 (1239 turns).

Sanktem7 the Skirmisher (Minotaur Fighter)          Turns: 1239, Time: 00:01:39

Health: -2/34      AC:  7    Str: 22    XL:     3   Next: 80%
Magic:  2/2        EV:  9    Int:  5    God:
Gold:   16         SH:  4    Dex:  9    Spells: 2/2 levels left

rFire   . . .      SeeInvis .   a - +0 war axe
rCold   . . .      Faith    .   c - +0 buckler
rNeg    . . .      Spirit   .   b - +0 scale mail
rPois   .          Reflect  .   (helmet restricted)
rElec   .          Harm     .   (no cloak)
rCorr   .          Rampage  .   (no gloves)
Will    .....                   (no boots)
Stlth   ..........              (no amulet)
HPRegen 0.11/turn               (no ring)
MPRegen 0.08/turn               (no ring)

@: no status effects
A: horns 2, retaliatory headbutt
a: no special abilities


You were on level 2 of the Dungeon.
You visited 1 branch of the dungeon, and saw 2 of its levels.

You collected 16 gold pieces.

Inventory:

Hand Weapons
 a - a +0 war axe (weapon)
Armour
 b - a +0 scale mail (worn)
 c - a +0 buckler (worn)
Jewellery
 f - a ring of willpower
Potions
 d - a potion of might
 e - a potion of curing {unknown}


   Skills:
 * Level 4.4 Fighting
 * Level 3.5 Axes
 + Level 4.3 Armour
 + Level 0.6 Dodging
 - Level 3.6 Shields


You had 2 spell levels left.
You didn't know any spells.
Your spell library was empty.

Dungeon Overview and Level Annotations

Branches:
Dungeon (2/15)

Altars:
Gozag


Innate Abilities, Weirdness & Mutations

You have a pair of horns on your head.
You reflexively headbutt those who attack you in melee.


Message History

The dart slug bites you but does no damage.
The gnoll hits you from afar with a +0 spear.
You hit the dart slug but do no damage.
The dart slug is almost dead.
You closely miss the quokka. The quokka bites you.
You block the gnoll's attack.
The dart slug bites you but does no damage.
The adder bites you but does no damage. You block the quokka's attack.
The gnoll hits you from afar with a +0 spear.
The gnoll misses you.
You hit the dart slug but do no damage.
The dart slug is almost dead.
You miss the quokka. You slash the adder!
The adder bites you but does no damage.
The quokka bites you but does no damage.
You block the dart slug's attack. You block the gnoll's attack.
The gnoll hits you but does no damage. The adder bites you but does no damage.
The quokka completely misses you.
You slash the quokka!
You kill the quokka!
You hit the dart slug.
You kill the dart slug!
You slash the adder!
You kill the adder!
You block the gnoll's attack.
The gnoll hits you from afar with a +0 spear.
The quokka bites you.
* * * LOW HITPOINT WARNING * * *
You barely miss the quokka. The gnoll hits you but does no damage.
The gnoll hits you from afar with a +0 spear.
* * * LOW HITPOINT WARNING * * *
The quokka bites you but does no damage.
You block the gnoll's attack. The gnoll barely misses you.
You closely miss the quokka. The quokka closely misses you.
You furiously retaliate!
You headbutt the quokka!
You kill the quokka!
The gnoll hits you from afar with a +0 spear.
* * * LOW HITPOINT WARNING * * *
The gnoll hits you from afar with a +0 spear.
You die...

.P.#..8 .......
P#...#. .......
P.(_? ♣ ####♣.g?
... #...♣†#...#♣
#####.#.@†g.....
#<.†...♣♣§..#...
#..##.♣♣ ♣......
#..##.P§ P...♣.
#..#...PP. ♣P...
#.....♣♣.PP.♣♣..
#...... ♣.r. ♣
#...... ♣.♣
##.#... ♣♣


You could see 2 gnolls.

Vanquished Creatures
  A gnoll (D:1)
  2 adders (D:2)
  A dart slug (D:2)
  2 endoplasms (D:1)
  A giant cockroach (D:1)
  5 goblins (D:1)
  3 hobgoblins
  3 kobolds (D:1)
  3 quokkas
  A ball python (D:1)
  5 bats (D:1)
  2 frilled lizards (D:1)
  A rat (D:1)
30 creatures vanquished.

Vanquished Creatures (others)
  2 plants (D:2)
2 creatures vanquished.

Grand Total: 32 creatures vanquished

Notes
Turn   | Place    | Note
-------+----------+-------------------------------------------
     0 | D:1      | Sanktem7 the Minotaur Fighter began the quest for the Orb.
     0 | D:1      | Reached XP level 1. HP: 19/19 MP: 0/0
   128 | D:1      | Reached XP level 2. HP: 27/27 MP: 1/1
   545 | D:1      | Reached XP level 3. HP: 23/34 MP: 2/2
  1228 | D:2      | Found an opulent altar of Gozag.
  1239 | D:2      | HP: 1/34 [gnoll (3)]
  1239 | D:2      | Slain by a gnoll

Illustrated notes

Levels and vault maps discovered:
D:1:      psy_arrival_fountain, layout_basic
D:2:      wad_woods_stonehenge, layout_loops_cross, minmay_crystal_water,
          minmay_pentomino_x2

Skill      XL: |  1  2  3 |
---------------+----------+-----
Fighting       | 4 |  4.4
Armour         | 4 |  4.3
Axes           | 3 |  3.5
Dodging        | |  0.6
Shields        | |  3.6

Action                   || total
-------------------------++-------
Melee: War axe           ||    65
       Headbutt          ||     8
Armor: Scale mail        ||    43
Dodge: Dodged            ||    28
Block: Buckler           ||    23
